 Dungeon Crawl Stone Soup version 0.29.1-12-g30fa7ad0bf (webtiles) character file.

Game seed: 13996279139494488425

22366 styxcanada the Protected (level 12, -6/110 HPs)
             Began as a Minotaur Fighter on Dec 18, 2022.
             Was an Initiate of Gozag.
             Mangled by a seven-headed hydra (9 damage)
             ... on level 3 of the Lair of Beasts on Dec 19, 2022.
             The game lasted 00:50:02 (13193 turns).

styxcanada the Protected (Minotaur Fighter)        Turns: 13193, Time: 00:50:03

Health: -6/110     AC: 22    Str: 24    XL:     12   Next: 62%
Magic:  11/11      EV:  7    Int:  5    God:    Gozag
Gold:   568        SH:  0    Dex: 14    Spells: 11/11 levels left

rFire   + + +      SeeInvis +   N - +4 mace "Ixzarage" {speed, rF+ Will+ rCorr Str-5}
rCold   + + +      Faith    .   e - +2 shield of Resistance {rF++ rC++ Will++}
rNeg    . . .      Spirit   .   E - +0 plate armour {rF+}
rPois   .          Reflect  +   (helmet restricted)
rElec   .          Harm     .   A - +1 cloak
rCorr   +          Rampage  .   (no gloves)
Will    +++..                   s - +2 pair of boots
Stlth   ..........              H - amulet of reflection
HPRegen 0.28/turn               i - ring of flight
MPRegen 0.12/turn               w - ring of Zaucam {Ice Str+3 Dex+4 SInv}

@: confused, ambrosia-drunk, flying
A: horns 2, retaliatory headbutt
a: Renounce Religion, Potion Petition, Call Merchant, Bribe Branch


You were on level 3 of the Lair of Beasts.
You worshipped Gozag.
Gozag was pleased with you.
You visited 3 branches of the dungeon, and saw 13 of its levels.
You also visited: Ossuary.

You collected 2656 gold pieces.
You spent 1271 gold pieces at shops.
You paid 817 gold pieces to Gozag.

Inventory:

Hand Weapons
 o - a +2 sling of flaming
 C - the +9 hand axe of Gotuluol {holy, Str+5}
   (You found it on level 7 of the Dungeon)

   It has been blessed by the Shining One to cause great damage to the undead
   and demons.
   Str:       It affects your strength (+5).
 L - a +2 long sword of holy wrath
 N - the +4 mace "Ixzarage" (weapon) {speed, rF+ Will+ rCorr Str-5}
   (You bought it in a shop on level 1 of the Lair of Beasts)

   Attacks with this weapon are significantly faster.
   Str:       It affects your strength (-5).
   rF:        It protects you from fire.
   rCorr:     It protects you from acid and corrosion.
   Will:      It increases your willpower.
 O - a +1 vorpal war axe
Missiles
 p - 5 datura-tipped darts
 r - 3 silver boomerangs
 t - 15 poisoned darts (quivered)
Armour
 e - the +2 shield of Resistance (worn) {rF++ rC++ Will++}
   (You acquired it on level 8 of the Dungeon)

   rF:        It greatly protects you from fire.
   rC:        It greatly protects you from cold.
   Will:      It greatly increases your willpower.
 s - a +2 pair of boots (worn)
 A - a +1 cloak (worn)
 D - an orb of mayhem
 E - a +0 plate armour of fire resistance (worn)
Jewellery
 i - a ring of flight (left hand)
 w - the ring of Zaucam (right hand) {Ice Str+3 Dex+4 SInv}
   (You found it on level 6 of the Dungeon)

   [ring of ice]

   It enhances your ice magic.
   Str:       It affects your strength (+3).
   Dex:       It affects your dexterity (+4).
   rF:        It makes you vulnerable to fire.
   rC:        It protects you from cold.
   SInv:      It lets you see invisible.
 H - an amulet of reflection (around neck)
Wands
 b - a wand of polymorph (2)
 l - a wand of quicksilver (11)
 m - a wand of paralysis (10)
 z - a wand of flame (31)
 J - a wand of iceblast (2)
Scrolls
 f - 6 scrolls of fear
 u - 3 scrolls of silence
 y - 5 scrolls of teleportation
 B - a scroll of immolation
 F - 2 scrolls of blinking
Potions
 a - 4 potions of ambrosia
 c - a potion of resistance
 h - 2 potions of flight
 j - a potion of mutation
 k - 4 potions of curing
 n - 4 potions of attraction
 v - 3 potions of cancellation
 x - 3 potions of haste {unknown}
 G - a potion of might
 I - a potion of heal wounds
Miscellaneous
 d - a lightning rod (2/4)


   Skills:
 * Level 11.4 Fighting
 + Level 12.9 Axes
 + Level 1.3 Throwing
 * Level 14.2 Armour
 + Level 1.8 Dodging
 + Level 9.4 Shields
 * Level 7.6 Evocations


You had 11 spell levels left.
You didn't know any spells.
Your spell library contained the following spells:

 Spells                   Type           Power      Damage    Failure   Level
 Magic Dart               Conj           0%         1d3       100%        1
 Blink                    Tloc           0%         N/A       100%        2
 Searing Ray              Conj           0%         2d4       100%        2
 Confusing Touch          Hex            0%         N/A       100%        3
 Gell's Gravitas          Tloc           0%         N/A       100%        3
 Lesser Beckoning         Tloc           0%         N/A       100%        3
 Summon Guardian Golem    Hex/Summ       0%         N/A       100%        3
 Teleport Other           Tloc           0%         N/A       100%        3
 Airstrike                Air            0%         2d(0-16)  100%        4
 Dispel Undead            Necr           0%         3d6       100%        4
 Fulminant Prism          Conj/Hex       0%         3d6       100%        4
 Iskenderun's Mystic Bla  Conj/Tloc      0%         2d3       100%        4
 Petrify                  Tmut/Erth      0%         N/A       100%        4
 Summon Lightning Spire   Summ/Air       0%         N/A       100%        4
 Fireball                 Conj/Fire      0%         3d3       100%        5
 Iskenderun's Battlesphe  Conj           0%         2d6       100%        5
 Lee's Rapid Deconstruct  Erth           0%         3d5*      100%        5
 Lightning Bolt           Conj/Air       0%         1d11      100%        5
 Manifold Assault         Tloc           0%         N/A       100%        5
 Metabolic Englaciation   Hex/Ice        0%         N/A       100%        5
 Yara's Violent Unravell  Hex/Tmut       0%         3d3       100%        5
 Conjure Ball Lightning   Conj/Air       0%         3x3d6     100%        6
 Death Channel            Necr           0%         N/A       100%        6
 Statue Form              Tmut/Erth      0%         N/A       100%        6
 Enfeeble                 Hex            0%         N/A       100%        7
 Orb of Destruction       Conj           0%         9d5       100%        7
 Spellforged Servitor     Conj/Summ      0%         N/A       100%        7
 Storm Form               Tmut/Air       0%         N/A       100%        7
 Corpse Rot               Necr/Pois/Air  Unusable   N/A       N/A         4

Dungeon Overview and Level Annotations

Branches:
Dungeon (9/15)             Temple (1/1) D:5            Lair (3/5) D:9
  Swamp (0/4) Lair:3        Snake (0/4) Lair:2      Ossuary (visited)
    Orc: D:9-12

Altars:
Ashenzari
Cheibriados
Dithmenos
Fedhas
Gozag
Hepliaklqana
Kikubaaqudgha
Makhleb
Nemelex Xobeh
Okawaru
Qazlal
Ru
Sif Muna
Trog
Uskayaw
Vehumet
Wu Jian
Yredelemnul
Zin

Shops:
D:3 (   Lair:1 *

Portals:
Abyss: D:6


Innate Abilities, Weirdness & Mutations

You have a pair of horns on your head.
You reflexively headbutt those who attack you in melee.


Message History

The seven-headed hydra bites you but does no damage.
The seven-headed hydra completely misses you.
The seven-headed hydra bites you but does no damage.
The seven-headed hydra bites you!
* * * LOW HITPOINT WARNING * * *
The seven-headed hydra bites you but does no damage.
You bump into the tree.
The seven-headed hydra closely misses you.
The seven-headed hydra bites you but does no damage. x2
The seven-headed hydra bites you.
* * * LOW HITPOINT WARNING * * *
The seven-headed hydra bites you but does no damage.
The seven-headed hydra bites you.
* * * LOW HITPOINT WARNING * * *
The seven-headed hydra bites you but does no damage. x4
The seven-headed hydra bites you.
* * * LOW HITPOINT WARNING * * *
The seven-headed hydra bites you.
* * * LOW HITPOINT WARNING * * *
The seven-headed hydra bites you.
* * * LOW HITPOINT WARNING * * *
The seven-headed hydra bites you.
* * * LOW HITPOINT WARNING * * *
You feel much better. The seven-headed hydra bites you.
* * * LOW HITPOINT WARNING * * *
The seven-headed hydra bites you!
* * * LOW HITPOINT WARNING * * *
The seven-headed hydra bites you.
* * * LOW HITPOINT WARNING * * *
The seven-headed hydra bites you.
* * * LOW HITPOINT WARNING * * *
The seven-headed hydra misses you.
The seven-headed hydra bites you but does no damage. x2
The seven-headed hydra barely misses you.
The seven-headed hydra bites you.
* * * LOW HITPOINT WARNING * * *
The seven-headed hydra bites you but does no damage.
The seven-headed hydra misses you. The seven-headed hydra bites you!
You die...
Your body crumbles into a pile of gold.

♣...........
............#
##.........#.
.........##.
........### $
♣.......♣##
♣♣♣....♣..#
♣♣♣♣♣♣♣♣>♣.♣.♣♣♣..
♣@§♣§§♣~~♣♣♣♣♣.♣..
♣♣DD§§§§§~♣♣.♣~...#
♣.§§§§§§§♣♣..~~....
♣§§♣§§≈.♣♣...≈~~♣..
♣§§♣~~≈♣♣♣..≈~~~♣.P
♣♣§.~~≈♣♣♣§♣~≈~~♣..
♣§§§~≈♣.§.♣≈≈~~♣..
♣♣.~§..§§.♣≈~≈≈♣..
♣♣♣~..♣♣♣♣♣≈≈≈♣..


You could see 2 seven-headed hydras.

Vanquished Creatures
  A boulder beetle (Lair:1)
  Amaemon (D:8)
  The ghost of croobank the Conjurer, a novice DsCj (D:6)
  2 black mambas
  An orange demon (D:8)
  5 cane toads
  4 komodo dragons
  A polar bear (Lair:2)
  A queen bee (Lair:1)
  A troll (D:9)
  2 hornets (D:9)
  16 blink frogs
  5 wyverns
  Sigmund (D:3)
  A wraith (D:8)
  27 yaks
  4 basilisks
  A steam dragon (D:9)
  Edmund (D:5)
  2 nagas (Lair:2)
  10 water moccasins
  3 ice beasts
  2 black bears
  A sky beast (D:6)
  5 orc warriors
  8 wolves
  2 centaurs
  2 phantoms
  2 small abominations (D:6)
  Blork the orc (D:5)
  10 bullfrogs
  A gnoll sergeant (D:7)
  A kobold brigand (D:8)
  3 necrophages
  10 scorpions
  5 wights (D:6)
  28 killer bees
  A howler monkey (D:9)
  A crimson imp (D:6)
  3 centaur zombies (Ossuary)
  3 hounds (D:6)
  3 orc priests
  2 iguanas
  A jelly (D:3)
  A gnoll bouda (D:8)
  Natasha (twice) (D:4)
  9 orc wizards
  6 scorpion zombies (Ossuary)
  3 mummies (Ossuary)
  13 gnolls
  6 adders
  2 worms
  2 dart slugs
  39 orcs
  6 bats
  5 endoplasms
  3 giant cockroaches
  3 gnoll zombies (Ossuary)
  10 goblins
  5 hobgoblins
  8 kobolds
  2 quokkas
  4 ball pythons
  A frilled lizard (D:1)
  2 goblin zombies (Ossuary)
  5 hobgoblin zombies (Ossuary)
  An orc zombie (Ossuary)
  3 rats
  A spectral orc (D:7)
328 creatures vanquished.

Vanquished Creatures (others)
  A bat (D:3)
  4 fungi
  18 plants
23 creatures vanquished.

Grand Total: 351 creatures vanquished

Notes
Turn   | Place    | Note
-------+----------+-------------------------------------------
     0 | D:1      | styxcanada the Minotaur Fighter began the quest for the
                  | Orb.
     0 | D:1      | Reached XP level 1. HP: 19/19 MP: 0/0
    70 | D:1      | You fall into a shaft and drop 1 floor!
   118 | D:2      | Reached skill level 4 in Armour
   127 | D:2      | Reached XP level 2. HP: 27/27 MP: 1/1
  1023 | D:2      | Reached XP level 3. HP: 33/33 MP: 2/2
  1586 | D:3      | Reached XP level 4. HP: 40/41 MP: 3/3
  1616 | D:3      | Reached skill level 5 in Fighting
  1713 | D:3      | Noticed a scorpion
  1719 | D:3      | Killed a scorpion
  1720 | D:3      | Reached skill level 5 in Armour
  1720 | D:3      | Reached XP level 5. HP: 33/48 MP: 4/4
  1927 | D:3      | Found Kuacweg's Weapon Shoppe.
  2205 | D:3      | Noticed Sigmund
  2229 | D:3      | Killed Sigmund
  2230 | D:3      | Reached skill level 5 in Axes
  2230 | D:3      | Reached skill level 6 in Armour
  2230 | D:3      | Reached XP level 6. HP: 21/56 MP: 5/5
  2703 | D:4      | Noticed Natasha
  2707 | D:4      | Killed Natasha
  2892 | D:4      | Reached XP level 7. HP: 62/62 MP: 6/6
  3089 | D:4      | Noticed Natasha
  3095 | D:4      | Killed Natasha
  3290 | D:5      | Entered Level 5 of the Dungeon
  3476 | D:5      | Noticed Edmund
  3502 | D:5      | Killed Edmund
  3503 | D:5      | Reached skill level 7 in Armour
  3725 | D:5      | Found a radiant altar of Vehumet.
  3831 | D:5      | Found a staircase to the Ecumenical Temple.
  3840 | Temple   | Entered the Ecumenical Temple
  3990 | Temple   | Became a worshipper of Gozag Ym Sagoz the Greedy
  4240 | D:5      | Reached skill level 1 in Dodging
  4526 | D:5      | Noticed Blork the orc
  4535 | D:5      | Reached XP level 8. HP: 67/70 MP: 7/7
  4540 | D:5      | Killed Blork the orc
  4625 | D:6      | Reached skill level 8 in Armour
  4780 | D:6      | Reached skill level 1 in Evocations
  4919 | D:6      | Found a transporter.
  4937 | D:6      | Reached skill level 9 in Armour
  4966 | D:6      | Reached XP level 9. HP: 25/79 MP: 8/8
  4979 | D:6      | Reached skill level 10 in Armour
  5332 | D:6      | Found a stormy altar of Qazlal.
  5465 | D:6      | Found a transporter.
  5476 | D:6      | Noticed croobank's ghost (novice DsCj)
  5476 | D:6      | Found a one-way gate to the infinite horrors of the Abyss.
  5488 | D:6      | Killed croobank's ghost
  5489 | D:6      | Reached skill level 5 in Shields
  5550 | D:6      | Identified the ring of Zaucam {Ice Str+3 Dex+4 SInv}
  5982 | D:7      | Reached skill level 11 in Armour
  6009 | D:7      | Identified the +9 hand axe of Gotuluol {holy, Str+5}
  6330 | D:7      | Found a sand-covered staircase.
  6339 | Ossuary  | Entered an ossuary
  6409 | Ossuary  | Reached XP level 10. HP: 81/90 MP: 9/9
  6995 | D:7      | Found a basalt altar of Yredelemnul.
  7337 | D:8      | Noticed an orange demon
  7347 | D:8      | Killed an orange demon
  7348 | D:8      | Reached skill level 10 in Axes
  7574 | D:8      | Identified a scroll of acquirement
  7574 | D:8      | Acquired the +2 shield of Resistance {rF++ rC++ Will++}
  7574 | D:8      | Found the +2 shield of Resistance {rF++ rC++ Will++}
  7602 | D:8      | Found a sparkling altar of Nemelex Xobeh.
  7814 | D:8      | Noticed Amaemon
  7829 | D:8      | Killed Amaemon
  7830 | D:8      | Reached skill level 12 in Armour
  8957 | D:9      | Reached skill level 5 in Evocations
  8987 | D:9      | Found a staircase to the Lair.
  9013 | D:9      | Reached XP level 11. HP: 68/97 MP: 10/10
 10073 | Lair:1   | Entered Level 1 of the Lair of Beasts
 10085 | Lair:1   | Bought 2 coppery potions for 41 gold pieces
 10085 | Lair:1   | Bought a knobbly wooden ring for 115 gold pieces
 10085 | Lair:1   | Bought a faintly glowing mace for 184 gold pieces
 10085 | Lair:1   | Identified the +4 mace "Ixzarage" {speed, rF+ Will+ rCorr
                  | Str-5} (You bought it in a shop on level 1 of the Lair of
                  | Beasts)
 10085 | Lair:1   | Bought a glowing war axe for 149 gold pieces
 10099 | Lair:1   | Bought a scroll of identify for 46 gold pieces
 10099 | Lair:1   | Bought a scroll of identify for 46 gold pieces
 10130 | Lair:1   | Noticed a boulder beetle
 10135 | Lair:1   | Reached skill level 13 in Armour
 10140 | Lair:1   | Reached skill level 10 in Fighting
 10633 | Lair:1   | Killed a boulder beetle
 11041 | Lair:1   | Reached skill level 1 in Throwing
 11599 | Lair:2   | Reached XP level 12. HP: 106/108 MP: 11/11
 11622 | Lair:2   | Found a staircase to the Snake Pit.
 11963 | Lair:2   | Reached skill level 14 in Armour
 12545 | Lair:1   | Bought a lightning rod (4/4) for 690 gold pieces
 13164 | Lair:3   | Noticed a four-headed hydra
 13173 | Lair:3   | Noticed a four-headed hydra
 13175 | Lair:3   | Found a staircase to the Swamp.
 13192 | Lair:3   | HP: 4/110 [seven-headed hydra (6)]
 13193 | Lair:3   | Mangled by a seven-headed hydra

Illustrated notes

Levels and vault maps discovered:
D:1:      giann_horns, layout_basic, minmay_tetromino_s4
D:2:      layout_basic, minmay_statues_item, minmay_fractal_squares_5
D:3:      layout_rooms, serial_shops, nicolae_shop_bloodbath_and_beyond,
          uniq_sigmund
D:4:      layout_basic, uniq_natasha
D:5:      layout_basic, amcnicky_altar_gilded, minmay_temple_entry_fiery,
          uniq_edmund, uniq_blork_the_orc
D:6:      layout_cave_pods, nicolae_qazlal_style_of_elements,
          gammafunk_ghost_abyssal_escape, hex_tiny
D:7:      layout_gridville, yredelemnul_forgotten_temple_becter,
          nicolae_ossuary_entry_ruins, corexii_corridor_pit
D:8:      layout_rooms, nemelex_altar_shiori, chequers_serial_rivers_small_b,
          uniq_amaemon
D:9:      layout_basic, minmay_lair_entry_grove
Temple:   hc_temple_tempest_star
Lair:1:   layout_cave_shapes, special_room [special_room_bee],
          nicolae_lair_grove_arrangements, grunt_megastairs_5,
          serial_bayou_shore_b, serial_bayou_shore_b
Lair:2:   layout_cave_pods, guppyfry_snake_entry_garden,
          chequers_serial_rivers_micro_d
Lair:3:   layout_hall_layers, palyth_hydra_swamp_entry, basic_altar,
          guppyfry_lair_drakes, infiniplex_staircase_pool

Skill      XL: |  1  2  3  4  5  6  7  8  9 10 11 12 |
---------------+-------------------------------------+-----
Armour         | 4 5 6 7 9 11 12 13 14 | 14.2
Fighting       | 4 5 6 7 8 9 10 11 | 11.4
Shields        | 4 5 6 8 9 |  9.4
Axes           | 3 5 6 8 9 10 11 12 | 12.9
Dodging        | 1 |  1.8
Evocations     | 2 3 5 6 7 |  7.6
Throwing       | 1 |  1.3

Action                   |  1- 3 |  4- 6 |  7- 9 | 10-12 || total
-------------------------+-------+-------+-------+-------++-------
Melee: War axe           |    61 |    83 |   204 |    24 ||   372
       Headbutt          |     6 |    12 |    32 |   108 ||   158
       Hand axe          |       |       |       |   477 ||   477
       Mace              |       |       |       |     1 ||     1
Throw: Dart              |       |     2 |     1 |    17 ||    20
Invok: Call Merchant     |       |       |       |     1 ||     1
Evoke: Wand              |       |       |       |     5 ||     5
       Lightning rod     |       |       |       |     2 ||     2
  Use: Scroll            |     8 |     1 |     6 |     8 ||    23
       Potion            |     1 |     2 |     4 |     2 ||     9
 Stab: Invisible         |       |       |     4 |       ||     4
       Distracted        |       |       |       |     4 ||     4
Armor: Scale mail        |    13 |       |       |       ||    13
       Chain mail        |    28 |    56 |   121 |    32 ||   237
       Plate armour      |       |       |       |   203 ||   203
Dodge: Dodged            |    26 |    27 |   104 |   135 ||   292
Block: Buckler           |    14 |    16 |    46 |    42 ||   118
       Kite shield       |       |       |       |   383 ||   383
       Reflection        |       |       |       |    10 ||    10
